[Event "Late-Titled-Tuesday-Blitz-April-16-2024"]
[Site "Chess.com"]
[Date "2024.04.16"]
[Round "2"]
[White "Glidzhian_Gor"]
[Black "Abhishek2"]
[Result "1-0"]
[WhiteElo "2589"]
[BlackElo "2346"]
[TimeControl "180+1"]
[EndTime "14:17:52 PDT"]
[Termination "Glidzhian_Gor won by checkmate"]

1. e4 e5 2. Nf3 Nc6 3. Bc4 Nf6 4.
d3 h6 5. c3 d6 6. b4 g5 7. Qb3 Qd7 8. a4 Bg7 9. Be3 Ng4 10. Nbd2 Nxe3 11. fxe3 g4 12. Nh4 Qe7 13. g3 Nd8 14. O-O O-O 15. Ng6 Qg5 16. Nxf8 Qxe3+ 17. Rf2 Kxf8 18. Bxf7 Ke7 19. Nc4 Qg5 20. Raf1 h5 21.
Re2 Ne6 22. Ne3 Nf4 23. gxf4 exf4 24. Rxf4 Be5 25. Nf5+ Kd8 26. Rf1 Bd7 27. Be6 Be8 28. d4 Bf6 29. e5 Bh8 30. exd6 c6 31. d7 Bg6 32. d5 cxd5 33. Qxd5 Bxc3 34. Qxb7 Bxf5 35.
Qxa8+ Kc7 36. Qc8+ Kd6 37. d8=Q+ Qxd8 38. Qxd8+ Kc6 39. Qd7+ Kb6 40. Rxf5 Bd4+ 41. Kf1 Bc5 42. bxc5+ Ka5 43. Qb5# 1-0

[Event "Late-Titled-Tuesday-Blitz-April-16-2024"]
[Site "Chess.com"]
[Date "2024.04.16"]
[Round "2"]
[White "crazy_but_lazy"]
[Black "schachsensei_YT"]
[Result "1-0"]
[WhiteElo "2539"]
[BlackElo "2342"]
[TimeControl "180+1"]
[EndTime "14:17:52 PDT"]
[Termination "crazy_but_lazy won on time"]

1. d4 Nf6 2. c4 g6 3. Nc3 Bg7 4.
e4 d6 5. Be3 O-O 6. h3 c5 7. d5 b5 8. cxb5 a6 9. a4 Nbd7 10. Nf3 axb5 11. Bxb5 Ba6 12. Bxa6 Rxa6 13. O-O Qa5 14. Re1 Rb8 15. Qc2 Qb4 16. Ra2 Nb6 17.
Nd2 Nc4 18. Nxc4 Qxc4 19. Qe2 Qxe2 20. Rxe2 Rb4 21. f3 Nd7 22. Bd2 Ne5 23. Bc1 Nc4 24.
Rc2 h5 25. Kf1 Nb6 26. Ke2 Nxa4 27. Nxa4 Rbxa4 28. Rxa4 Rxa4 29. Kd3 Rb4 30. Ke2 Bd4 31. Kd3 Kg7 32. Rc4 Rxc4 33. Kxc4 Be5 34. b3 1-0

[Event "Late-Titled-Tuesday-Blitz-April-16-2024"]
[Site "Chess.com"]
[Date "2024.04.16"]
[Round "2"]
[White "SRob2003"]
[Black "LyonBeast"]
[Result "0-1"]
[WhiteElo "2679"]
[BlackElo "3129"]
[TimeControl "180+1"]
[EndTime "14:17:53 PDT"]
[Termination "LyonBeast won by checkmate"]

1. c4 e5 2. g3 f5 3. Nf3 d6 4. d4 e4 5. Nh4 Be7 6. Nc3 Nc6 7. Ng2 Nf6 8. h4 O-O 9. Nf4 Qe8 10. h5 Bd8 11. b3 Ng4 12. Bh3 e3 13.
Bxg4 exf2+ 14. Kxf2 fxg4 15. e4 a6 16. Kg2 b5 17. a3 bxc4 18. bxc4 Rb8 19. Ra2 Bb7 20. Re2 Bg5 21. Ncd5 Qf7 22. Rf1 Rbe8 23. Ref2 Qd7 24. Nc3 Na5 25. d5 Bxf4 26. gxf4 Nxc4 27. Qd4 Nb6 28. Bb2 Rf7 29. Ne2 c5 30. Qc3 Rxe4 31.
h6 Nxd5 32. Qb3 Nxf4+ 33. Kh2 g3+ 34. Nxg3 Qh3+ 35. Kg1 c4 36. Qf3 Ne2+ 37. Rxe2 Rxf3 38. Rxf3 Rxe2 39. Bxg7 Qg2# 0-1

[Event "Late-Titled-Tuesday-Blitz-April-16-2024"]
[Site "Chess.com"]
[Date "2024.04.16"]
[Round "2"]
[White "diokletian"]
[Black "Jospem"]
[Result "1-0"]
[WhiteElo "2662"]
[BlackElo "3048"]
[TimeControl "180+1"]
[EndTime "14:17:53 PDT"]
[Termination "diokletian won by checkmate"]

1. d4 Nf6 2. c4 e6 3. Nf3 Bb4+ 4.
Bd2 c5 5. Bxb4 cxb4 6. g3 b6 7. Bg2 Bb7 8. O-O a5 9. Qd3 O-O 10. Nbd2 d6 11. Ne1 Bxg2 12. Nxg2 Nbd7 13. a3 bxa3 14.
bxa3 Rc8 15. Rab1 Re8 16. e4 e5 17. Ne3 g6 18. f3 Nf8 19. Nd5 Nxd5 20. cxd5 Nd7 21.
Rfc1 Qf6 22. Qb5 Qe7 23. Rc6 exd4 24. Rbc1 Nc5 25. Qxb6 Rb8 26. Qxa5 Nd3 27. Rf1 Ne5 28. Rc7 Qd8 29. Ra7 Qxa5 30. Rxa5 Rb2 31. f4 Rxd2 32.
fxe5 Rxe5 33. Ra8+ Kg7 34. Ra7 Rxe4 35. Rfxf7+ Kh6 36. Rxh7+ Kg5 37. Rhe7 Kf5 38. Rf7+ Ke5 39.
Rfe7+ Kxd5 40. Ra5+ Kc4 41. Rxe4 d5 42. Re5 d3 43.
Raxd5 Ra2 44. Rd8 Rxa3 45. Red5 Ra1+ 46. Kg2 Ra2+ 47. Kh3 Ra7 48. Rxd3 Rh7+ 49. Kg4 Rxh2 50.
R3d4+ Kc5 51. R4d6 Rh6 52. Kg5 Rh3 53. g4 Ra3 54.
Rxg6 Ra4 55. Rf8 Kd5 56. Rf5+ Ke4 57. Re6+ Kd3 58. Rf3+ Kd2 59. Ref6 Ra5+ 60. R6f5 Ra8 61. Kf4 Ke2 62. Kg3 Rg8 63. Ra5 Rb8 64. Ra2+ Ke1 65.
Kg2 Rb2+ 66. Rxb2 Kd1 67. Rf1# 1-0

[Event "Late-Titled-Tuesday-Blitz-April-16-2024"]
[Site "Chess.com"]
[Date "2024.04.16"]
[Round "2"]
[White "ansko1999"]
[Black "Indefatigable11"]
[Result "0-1"]
[WhiteElo "2579"]
[BlackElo "2371"]
[TimeControl "180+1"]
[EndTime "14:17:53 PDT"]
[Termination "Indefatigable11 won by checkmate"]

1. c4 Nf6 2. Nc3 e5 3. Nf3 Nc6 4. g3 d5 5. cxd5 Nxd5 6. d3 Be7 7. Bg2 Be6 8. O-O O-O 9. d4 exd4 10. Nxd4 Nxd4 11. Qxd4 Bf6 12. Qd2 Nxc3 13. bxc3 c6 14. Rb1 Qc7 15. Qc2 Rfd8 16. Bf4 Qe7 17. c4 Rd4 18. c5 Rc4 19. Qd3 Rd8 20. Bd6 Qd7 21. Qb3 Rxc5 22. Qxb7 Qxd6 23. Qxa7 Rc2 24. a4 g6 25. Bf3 Bc4 26. Rfd1 Qxd1+ 27. Rxd1 Rxd1+ 28. Kg2 Rcc1 29. a5 Be6 30. Be4 Bg4 31. f3 Be6 32.
Qa8+ Kg7 33. Bxc6 Bd4 34. f4 Bg4 35. h3 Bxe2 36. Bf3 Rg1+ 37. Kh2 Bxf3 38. Qxf3 Rc2+ 39. Qg2 Rcxg2# 0-1

[Event "Late-Titled-Tuesday-Blitz-April-16-2024"]
[Site "Chess.com"]
[Date "2024.04.16"]
[Round "2"]
[White "shirovin"]
[Black "FuenfgegenWilly"]
[Result "0-1"]
[WhiteElo "2048"]
[BlackElo "2437"]
[TimeControl "180+1"]
[EndTime "14:17:55 PDT"]
[Termination "FuenfgegenWilly won on time"]

1. e4 e5 2. Nf3 Nc6 3. Bc4 Nf6 4. Ng5 d5 5. exd5 b5 6. Be2 Nd4 7. O-O Nxd5 8. Nf3 Qf6 9. Nxd4 exd4 10. Bxb5+ c6 11.
Bc4 Be6 12. d3 Bd6 13. Nd2 Qh4 14. Nf3 Qh5 15. Bxd5 Bxd5 16. Re1+ Kd7 17. Ne5+ Qxe5 18.
Rxe5 Bxe5 19. Qg4+ Be6 20. Qf3 Rhe8 21. Bf4 Bf6 22.
h3 Bd5 23. Qg3 Re2 24. Bc7 Rae8 25. Qd6+ Kc8 26. Ba5 Be5 27. Qc5 Bb8 28. b4 R8e6 29. b5 Rg6 30. g3 Bxg3 31. fxg3 Rxg3+ 32. Kf1 Rh2 33. Qf8+ Kd7 34. Qd8+ Ke6 35. Qc8+ Kf6 36. Bd8+ Kg6 37. bxc6 Rf3+ 38. Kg1 Rfxh3 39. Qc7 Rh1+ 0-1

[Event "Late-Titled-Tuesday-Blitz-April-16-2024"]
[Site "Chess.com"]
[Date "2024.04.16"]
[Round "2"]
[White "DanielNaroditsky"]
[Black "SaqoChess_Twitch"]
[Result "1-0"]
[WhiteElo "3122"]
[BlackElo "2672"]
[TimeControl "180+1"]
[EndTime "14:17:56 PDT"]
[Termination "DanielNaroditsky won by resignation"]

1. e4 c5 2. c3 d5 3. exd5 Qxd5 4. d4 Nf6 5. Nf3 Bg4 6. Be2 e6 7. h3 Bh5 8. Be3 cxd4 9. cxd4 Nc6 10. Nc3 Qd6 11.
Qb3 Be7 12. Qxb7 O-O 13. O-O Rfb8 14. Qa6 Rxb2 15. Rac1 Nb4 16. Qa5 Nbd5 17. Rb1 Rab8 18. Nb5 Qb4 19. Qxb4 Rxb4 20. Rxb4 Nxb4 21. a3 Nc2 22. Nxa7 Bxa3 23. Nc6 Re8 24. g4 Nxe3 25. fxe3 Bg6 26. Nfe5 Bf8 27. Nxg6 hxg6 28. Rb1 Nd5 29. Kf2 Rc8 30. Ne5 Bd6 31. Nc4 Be7 32. Rb3 Nf6 33.
Kf3 g5 34. e4 g6 35. Ke3 Kg7 36. Rb7 Kf8 37. Bd3 Rd8 38. Ne5 Ne8 39. Nc6 Nd6 40. Nxd8 Bxd8 41. Rd7 Be7 42. e5 Ne8 43. Bb5 Ng7 44.
Ke4 f5+ 45. exf6 Bxf6 46. Rb7 Kg8 47. Bc4 Kf8 48. Ra7 Ke8 49. d5 exd5+ 50. Bxd5 Kf8 51. Rf7+ Kg8 52. Rxf6+ Kh7 53. Rf8 Ne6 54. Bxe6 Kg7 55. Rg8+ Kh6 56. Ke5 1-0

[Event "Late-Titled-Tuesday-Blitz-April-16-2024"]
[Site "Chess.com"]
[Date "2024.04.16"]
[Round "2"]
[White "Josetricks"]
[Black "DrVelja"]
[Result "1-0"]
[WhiteElo "2649"]
[BlackElo "3009"]
[TimeControl "180+1"]
[EndTime "14:17:56 PDT"]
[Termination "Josetricks won by resignation"]

1. e4 c5 2. c3 d5 3. exd5 Nf6 4. Nf3 Nxd5 5. d4 cxd4 6. Nxd4 e5 7. Nf3 Nc6 8. Bb5 f6 9. O-O Bc5 10. Nxe5 fxe5 11. Qh5+ Kf8 12. Kh1 Nf6 13. Qf3 Bg4 14.
Qg3 h5 15. Bg5 Qb6 16. Bxc6 Qxc6 17. Nd2 Rd8 18. Nc4 Ne4 19. Nxe5 Nxg3+ 20. fxg3+ Qf6 21. Rxf6+ gxf6 22. Bxf6 Rd6 23. Bxh8 Kg8 24. Nxg4 hxg4 25. Be5 Rd2 26. b4 Be7 27. Bd4 a6 28. a4 Bd6 29.
Kg1 Kf7 30. Re1 Bxb4 31. cxb4 Rxd4 32. Rb1 Ke6 33. Kf2 Kd5 34. b5 Rxa4 35. bxa6 bxa6 36. h4 Ra2+ 37. Ke3 a5 38. h5 Rxg2 39. Kf4 Kc4 40.
Kxg4 Rh2 41. Kg5 a4 42. g4 a3 43. Kg6 Rb2 44. Ra1 Rb6+ 45. Kg5 Rb5+ 46. Kh4 Kb3 47.
Rb1+ Kc4 48. Ra1 Kb3 49. h6 Kb2 50. Rg1 a2 51. h7 Rb8 52. g5 Kc2 53. Rg2+ Kb1 54.
Rxa2 Kxa2 55. g6 Rb6 56. Kh5 Rb5+ 57. Kh6 Rb1 1-0

[Event "Late-Titled-Tuesday-Blitz-April-16-2024"]
[Site "Chess.com"]
[Date "2024.04.16"]
[Round "2"]
[White "Bkmzzzzz"]
[Black "Hasangatin_Ramil"]
[Result "0-1"]
[WhiteElo "2379"]
[BlackElo "2635"]
[TimeControl "180+1"]
[EndTime "14:17:56 PDT"]
[Termination "Hasangatin_Ramil won by checkmate"]

1. e4 d5 2. exd5 Qxd5 3. Nc3 Qd6 4. d4 Nf6 5. Bc4 c6 6. h3 Bf5 7. Nf3 e6 8. O-O Nbd7 9. Be3 Be7 10. a4 O-O 11.
Qe2 a5 12. Rad1 Rfe8 13. Nh4 Bg6 14. Nxg6 hxg6 15. Qf3 Nb6 16. Bb3 Nbd5 17. Ne4 Nxe4 18. Qxe4 Bf6 19. c3 b5 20. Bd2 Rab8 21. Rb1 e5 22. dxe5 Bxe5 23. Qd3 Red8 24. axb5 cxb5 25. c4 bxc4 26. Bxc4 Nb4 27. Qxd6 Rxd6 28. Bxb4 Rxb4 29. Rfc1 Bxb2 30. Rc2 Bd4 31. Rd1 Bxf2+ 32. Kxf2 Rxd1 33. Be2 Rd8 34. Rc7 a4 35. Ra7 Re8 36. Bd3 Rd4 37. Bb5 Rd2+ 38. Kf3 Rc8 39. Bxa4 Rc3+ 40. Kf4 Rf2+ 41.
Ke4 Rxg2 42. Bd7 Rgc2 43. Ra8+ Kh7 44. Be8 Rc7 45. Kf3 R2c3+ 46. Kg2 Rd3 47. Kf2 Rc2+ 48. Ke1 Rxh3 49. Bxf7 Rh1# 0-1

[Event "Late-Titled-Tuesday-Blitz-April-16-2024"]
[Site "Chess.com"]
[Date "2024.04.16"]
[Round "2"]
[White "Mikhail_Golubev"]
[Black "dretch"]
[Result "0-1"]
[WhiteElo "2590"]
[BlackElo "2912"]
[TimeControl "180+1"]
[EndTime "14:17:59 PDT"]
[Termination "dretch won on time"]

1. e4 e6 2. d4 d5 3. e5 c5 4. c3 Bd7 5. Nf3 Nc6 6. Be2 Qb6 7. O-O Nge7 8. Na3 cxd4 9. cxd4 Nf5 10. Nc2 h5 11.
Bd3 Rc8 12. Bxf5 exf5 13. Bf4 Be7 14. Rc1 Be6 15. Qd2 Qa5 16. Qxa5 Nxa5 17. Ne3 Kd7 18. h4 Nc4 19. Nxc4 dxc4 20. d5 Bxd5 21. Rfd1 Rc5 22. Be3 Ra5 23. Rxc4 Rd8 24. Bg5 Ke8 25. Bxe7 Kxe7 26.
Rcd4 Bxf3 27. Rxd8 Bxd1 28. Rxd1 Rxa2 29. Rd2 a5 30. Kf1 a4 31. Ke2 b5 32. Kd3 b4 33.
Rc2 a3 34. Rc7+ Kd8 35. Rxf7 Rxb2 36. e6 a2 37. Ra7 b3 38. Kd4 Rb1 0-1

[Event "Late-Titled-Tuesday-Blitz-April-16-2024"]
[Site "Chess.com"]
[Date "2024.04.16"]
[Round "2"]
[White "SCIM"]
[Black "kleinebeer98"]
[Result "0-1"]
[WhiteElo "2578"]
[BlackElo "2876"]
[TimeControl "180+1"]
[EndTime "14:17:59 PDT"]
[Termination "kleinebeer98 won on time"]

1. e4 c5 2. Nf3 Nc6 3. d4 cxd4 4. Nxd4 Nf6 5. Nc3 h5 6. Bc4 e6 7. O-O Qc7 8. Nxc6 dxc6 9. Qe2 Ng4 10. f4 Bc5+ 11.
Kh1 a5 12. a4 Qe7 13. Qe1 e5 14. f5 Bd7 15. Nd1 O-O-O 16. Ne3 Bb6 17. Bd3 Qc5 18. Nc4 Ba7 19. Bg5 f6 20. Bh4 Be8 21. Qxa5 Qxa5 22.
Nxa5 Ne3 23. Rfe1 Bf7 24. Bf2 Nxc2 25. Bxc2 Bxf2 26. Rf1 Rd2 27. Bb3 Bxb3 28. Nxb3 Rxb2 29. Nc1 Rd8 30. a5 Rdd2 31. a6 bxa6 32. Rxa6 Kb7 33.
Ra3 Bb6 34. Nd3 Rbc2 35. Rb3 Rxg2 36. Nc5+ Kc7 37. Ne6+ Kb7 0-1

[Event "Late-Titled-Tuesday-Blitz-April-16-2024"]
[Site "Chess.com"]
[Date "2024.04.16"]
[Round "2"]
[White "MarceloPlaya"]
[Black "Sanyura"]
[Result "0-1"]
[WhiteElo "2323"]
[BlackElo "2605"]
[TimeControl "180+1"]
[EndTime "14:17:59 PDT"]
[Termination "Sanyura won on time"]

1. e4 c5 2. Nf3 e6 3. Nc3 Nc6 4. d4 cxd4 5. Nxd4 Nf6 6. Be3 Bb4 7. Bd3 d5 8. exd5 exd5 9. O-O O-O 10. Nce2 Ng4 11. Bf4 Qf6 12. Bg3 h5 13. c3 Bc5 14.
h3 h4 15. hxg4 hxg3 16. Nxg3 Nxd4 17. cxd4 Qxd4 18. Nf5 Qf6 19. Rc1 Bb6 20. Qf3 g6 21.
Ne3 Qh4 22. Nxd5 Bd4 23. Rc4 Be5 24. g3 Qg5 25. Re1 Be6 26. Be4 Rad8 27. Rb4 b6 28. Ne3 Bd4 29. Bb1 Bc5 30. Re4 Rd2 31. b4 Bd6 32. Nc4 Bxc4 33. Rxc4 Rb2 34. Rc6 Bxb4 35. Rd1 Bc5 36. Rf1 Rb4 37. Be4 Rd4 38. Re1 Kg7 39.
Qf4 Qxf4 40. gxf4 Re8 41. Kf1 Rdxe4 0-1

[Event "Late-Titled-Tuesday-Blitz-April-16-2024"]
[Site "Chess.com"]
[Date "2024.04.16"]
[Round "2"]
[White "stasOR4ik"]
[Black "Zhigalko_Sergei"]
[Result "0-1"]
[WhiteElo "2413"]
[BlackElo "2922"]
[TimeControl "180+1"]
[EndTime "14:18:00 PDT"]
[Termination "Zhigalko_Sergei won by resignation"]

1. e4 Nf6 2. e5 Nd5 3. Nf3 d6 4. exd6 exd6 5. d4 Be7 6. Bd3 O-O 7. c3 c5 8. O-O Nc6 9. h3 cxd4 10.
Nxd4 Nxd4 11. cxd4 Be6 12. Nc3 Nxc3 13. bxc3 Rc8 14.
Bd2 Bf6 15. Qb1 Qd7 16. Bxh7+ Kh8 17. Bd3 g6 18. Qb5 Qc7 19. Bg5 Bg7 20. Rac1 a6 21.
Qb1 b5 22. Rfe1 Rfe8 23. Re4 Kg8 24. Rh4 Qd7 25. Bxg6 fxg6 26. Qxg6 Bf5 27. Qh5 Qf7 28. Qf3 Qg6 29. Be3 Be4 30. Qg4 Qxg4 31. Rxg4 Bd5 32. a3 Rc7 33. h4 Kh7 34. Rg5 Bf7 35. g4 Rec8 36. Rf5 Bg6 37. Rd5 Bf8 38. h5 Be4 39.
Rg5 Be7 40. f4 Bxg5 41. fxg5 Rxc3 42. Rxc3 Rxc3 43. Bf4 d5 44. Kf2 Rf3+ 0-1

[Event "Late-Titled-Tuesday-Blitz-April-16-2024"]
[Site "Chess.com"]
[Date "2024.04.16"]
[Round "2"]
[White "IPAchess"]
[Black "BeanScreen"]
[Result "0-1"]
[WhiteElo "2380"]
[BlackElo "2654"]
[TimeControl "180+1"]
[EndTime "14:18:01 PDT"]
[Termination "BeanScreen won by resignation"]

1. d4 d5 2. c4 e6 3. Nf3 a6 4. cxd5 exd5 5. Nc3 h6 6. Bf4 Nf6 7. h3 Bd6 8. Ne5 c6 9. Qc2 Qc7 10. e3 Nbd7 11. Nd3 O-O 12. Be2 Re8 13. O-O Nf8 14.
b4 Bf5 15. Bxd6 Qxd6 16. Rab1 Ne4 17. Na4 Ng6 18. Nac5 Nh4 19. Qc1 Qg6 20. Nf4 Qg5 21.
Kh2 Nxc5 22. bxc5 Bxb1 23. Qxb1 Re7 24. Rg1 Rae8 25. a4 Nf5 26. Bf3 Nxd4 27. Bg4 Ne6 28. Bxe6 fxe6 29. g3 e5 30. Nd3 Rf8 31. Rg2 Qf5 32. g4 Qe4 33. a5 Rf3 34. Qd1 d4 35. Ne1 Rf6 36. exd4 exd4 37. Nd3 Rf3 38. Ne1 Rc3 39.
Rg1 Qf4+ 40. Kg2 Rf7 41. Nd3 Qe4+ 0-1

[Event "Late-Titled-Tuesday-Blitz-April-16-2024"]
[Site "Chess.com"]
[Date "2024.04.16"]
[Round "2"]
[White "SpongeBob_03"]
[Black "Tugrik1969"]
[Result "0-1"]
[WhiteElo "2272"]
[BlackElo "2504"]
[TimeControl "180+1"]
[EndTime "14:18:01 PDT"]
[Termination "Tugrik1969 won by resignation"]

1. e4 c5 2. Nf3 d6 3. Bb5+ Bd7 4. Bxd7+ Nxd7 5. O-O Ngf6 6. Qe2 e6 7. c3 Be7 8. d4 O-O 9. Rd1 cxd4 10. cxd4 d5 11.
e5 Ne4 12. Nbd2 Nxd2 13. Bxd2 Nb8 14. b4 Nc6 15. a3 a5 16. b5 Na7 17. a4 Nc8 18. Qe1 b6 19. Rdc1 Na7 20. Qe3 Qd7 21.
Qd3 Rfc8 22. h4 Rxc1+ 23. Rxc1 Rc8 24. h5 h6 25. g4 Rxc1+ 26. Bxc1 Qc8 27. Qd2 Qc4 28. g5 hxg5 29. Nxg5 Qxa4 30. Qf4 Bxg5 31. Qxg5 Qc2 32. Kh2 Qxf2+ 33. Kh3 Qf5+ 34. Qxf5 exf5 35. Kg3 Nxb5 36. Bb2 g5 37. hxg6 fxg6 38. Kf4 Kf7 39. Kg5 Ke6 40. Kxg6 f4 41. Bc1 f3 42. Be3 a4 43.
Kg5 a3 44. Kg4 a2 45. Kxf3 a1=Q 0-1

[Event "Late-Titled-Tuesday-Blitz-April-16-2024"]
[Site "Chess.com"]
[Date "2024.04.16"]
[Round "2"]
[White "lagedema"]
[Black "GianmarcoVaR"]
[Result "0-1"]
[WhiteElo "2423"]
[BlackElo "2741"]
[TimeControl "180+1"]
[EndTime "14:18:02 PDT"]
[Termination "GianmarcoVaR won by checkmate"]

1. e4 c5 2. Nf3 d6 3. d4 cxd4 4.
Nxd4 Nf6 5. Nc3 a6 6. Be3 e5 7.
Nb3 Be7 8. Be2 Be6 9. O-O O-O 10.
Bf3 Nbd7 11. a4 Rc8 12. a5 Re8 13. Re1 Qc7 14. Nd2 Nf8 15. Nf1 Qc6 16. Bg5 N6d7 17. Bxe7 Rxe7 18. Ne3 Nf6 19. Ned5 Bxd5 20. exd5 Qc5 21. Qd2 Qb4 22. Reb1 h6 23. Ra4 Qc5 24.
Ne4 Nxe4 25. Bxe4 Nd7 26. Bd3 Nf6 27. Rc4 Qxc4 28. Bxc4 Rxc4 29. c3 Rc5 30. b4 Rxd5 31. Qe3 Rc7 32. Rc1 Rc6 33. f3 Rb5 34. h4 Nd5 35. Qd2 h5 36. c4 Rxb4 37. cxd5 Rxc1+ 38. Qxc1 Rd4 39. Qc8+ Kh7 40. Qxb7 Kg6 41. Qc6 f6 42. Qxd6 Kf5 43. Qd7+ Kf4 44. Kh2 g5 45.
hxg5 fxg5 46. Qf7+ Ke3 47. Qe6 Kf2 48. Qxe5 Rh4# 0-1

[Event "Late-Titled-Tuesday-Blitz-April-16-2024"]
[Site "Chess.com"]
[Date "2024.04.16"]
[Round "2"]
[White "N_Mullodzhanov"]
[Black "Sacbutt"]
[Result "1-0"]
[WhiteElo "2529"]
[BlackElo "2331"]
[TimeControl "180+1"]
[EndTime "14:18:02 PDT"]
[Termination "N_Mullodzhanov won by checkmate"]

1. e4 b6 2. d4 Bb7 3. Bd3 e6 4. Nf3 Nf6 5. Qe2 c5 6. c3 Nc6 7. O-O d6 8. Na3 Be7 9. h3 O-O 10. Nc2 a6 11. a4 Qc7 12. Bf4 Na5 13. Nd2 Rac8 14. b4 c4 15. bxa5 cxd3 16. Qxd3 Qxc3 17. Qxc3 Rxc3 18. Ne3 bxa5 19. f3 e5 20. Bg5 exd4 21.
Nf5 Re8 22. Rab1 Bc6 23. Nxd4 Bxa4 24. Ra1 Bb5 25. Rfb1 h6 26. Bxf6 Bxf6 27. Nxb5 axb5 28. Rxa5 Rd3 29. Nf1 d5 30. exd5 Rxd5 31. Raxb5 Rxb5 32. Rxb5 Bd4+ 33. Kh2 Re1 34. Rd5 Rd1 35. Ne3 Rd3 36. f4 Rxe3 37. Rd8+ Kh7 38. Rxd4 Kg6 39. g4 f6 40. h4 h5 41. f5+ Kh6 42. g5+ fxg5 43.
Rd6+ Kh7 44. hxg5 Rf3 45. Rd5 Kg8 46. Kg2 Rf4 47. g6 h4 48. Rd8# 1-0

[Event "Late-Titled-Tuesday-Blitz-April-16-2024"]
[Site "Chess.com"]
[Date "2024.04.16"]
[Round "2"]
[White "th3d4rkness"]
[Black "Licancabur"]
[Result "0-1"]
[WhiteElo "2134"]
[BlackElo "2445"]
[TimeControl "180+1"]
[EndTime "14:18:03 PDT"]
[Termination "Licancabur won by resignation"]

1. e4 Nf6 2. e5 Nd5 3. c4 Nb6 4. d4 d6 5. exd6 cxd6 6. Nc3 g6 7. c5 dxc5 8. dxc5 Qxd1+ 9. Kxd1 N6d7 10. Nd5 Kd8 11. Bf4 g5 12. Bc7+ Ke8 13. Bg3 Kd8 14. Nc7 f5 15. Ne6+ Ke8 16. Nxg5 Nxc5 17. Rc1 Nbd7 18.
b4 Bh6 19. bxc5 Bxg5 20. f4 Bf6 21. Nf3 Nf8 22. Bb5+ Bd7 23. Bxd7+ Nxd7 24. Ne5 Bxe5 25. fxe5 e6 26. Bf4 Rc8 27. Ke2 Rg8 28. g3 Rxc5 29.
Rxc5 Nxc5 30. Be3 Nd7 31. Rc1 Kd8 32. Bxa7 Rg4 33. Be3 Re4 34. Kf3 Nxe5+ 35. Ke2 Ng4 36. Rd1+ Ke7 37. Rd3 e5 38. h3 Rxe3+ 39. Rxe3 Nxe3 40.
Kxe3 Kd6 41. g4 fxg4 42. hxg4 Kd5 43. g5 e4 44. a3 b5 45. Ke2 Kd4 46. Kd2 e3+ 47.
Ke2 Ke4 48. Ke1 Kf3 49. Kf1 e2+ 50. Ke1 Ke3 51. g6 hxg6 52. a4 g5 53. axb5 g4 54.
b6 g3 0-1

[Event "Late-Titled-Tuesday-Blitz-April-16-2024"]
[Site "Chess.com"]
[Date "2024.04.16"]
[Round "2"]
[White "Respectful_Dave"]
[Black "Casper"]
[Result "0-1"]
[WhiteElo "2231"]
[BlackElo "2499"]
[TimeControl "180+1"]
[EndTime "14:18:04 PDT"]
[Termination "Casper won on time"]

1. d4 d5 2. c4 dxc4 3. Nc3 Nf6 4. e3 Bg4 5. Nf3 e6 6. Bxc4 Nc6 7. Qb3 Na5 8. Qa4+ c6 9. Be2 b5 10. Qc2 a6 11. Ne5 Bxe2 12. Nxe2 Bd6 13. Bd2 Rc8 14. b4 Nb7 15. Qb2 O-O 16. O-O a5 17. a4 axb4 18.
axb5 cxb5 19. Bxb4 Nd5 20. Bxd6 Nxd6 21. Rfc1 Qh4 22.
Rc5 h6 23. Rac1 Rxc5 24. dxc5 Ne4 25. Ng3 b4 26. Qd4 Ndc3 27. f3 b3 28. Rxc3 Nxc3 29.
Qxc3 Rb8 30. Nd3 Qa4 31. c6 b2 32. Nxb2 Qa1+ 33. Nf1 Qa7 34. c7 Rc8 35. Qd4 Qxc7 36. Nd3 Qc2 37. Ne5 Ra8 0-1

[Event "Late-Titled-Tuesday-Blitz-April-16-2024"]
[Site "Chess.com"]
[Date "2024.04.16"]
[Round "2"]
[White "CarlosjPineror"]
[Black "Andrii_Prydun"]
[Result "1/2-1/2"]
[WhiteElo "2708"]
[BlackElo "2358"]
[TimeControl "180+1"]
[EndTime "14:18:05 PDT"]
[Termination "Game drawn by repetition"]

1. e4 d5 2. exd5 Qxd5 3. Nc3 Qf5 4. d4 Nf6 5. Nf3 g6 6. Bd3 Qd7 7. Ne5 Qd6 8. Nb5 Qd8 9. O-O Bg7 10. Bf4 c6 11.
Nc7+ Qxc7 12. Nxg6 Qb6 13. Nxh8 Bxh8 14. Be5 Nbd7 15.
Re1 Qxb2 16. Rb1 Qxa2 17. Qf3 Nxe5 18. dxe5 Ng4 19. e6 Bxe6 20. Rxb7 Bd4 21. Qxc6+ Kf8 22.
Rf1 Nxf2 23. Rb4 Be3 24. Qxa8+ Kg7 25. Qf3 Nxd3+ 26. Qxe3 Nxb4 27. Qd4+ Kf8 28. Qxb4 Qxc2 29. Qd4 f6 30. Qxa7 Bd5 31. Qf2 Qg6 32. Re1 h5 33.
Qd2 Be4 34. Re2 h4 35. Qf4 f5 36. Qxh4 Qb6+ 37. Qf2 Qb1+ 38. Re1 Qd3 39. Qe3 Qd5 40.
g4 e6 41. gxf5 exf5 42. Kf2 Qd6 43. Qg3 Qd4+ 44. Qe3 Qd6 45. Qg3 Qd4+ 46. Qe3 Qd6 1/2-1/2

[Event "Late-Titled-Tuesday-Blitz-April-16-2024"]
[Site "Chess.com"]
[Date "2024.04.16"]
[Round "2"]
[White "HipsterChess22"]
[Black "noblerone"]
[Result "0-1"]
[WhiteElo "2246"]
[BlackElo "2498"]
[TimeControl "180+1"]
[EndTime "14:18:05 PDT"]
[Termination "noblerone won on time"]

1. d4 d5 2. Nc3 Nf6 3. Bf4 c5 4.
e3 cxd4 5. exd4 a6 6. Nf3 Bg4 7. Be2 Nc6 8. O-O e6 9. Ne5 Bxe2 10. Nxe2 Rc8 11. c3 Be7 12. Ng3 O-O 13. Re1 b5 14. a3 a5 15. Nh5 b4 16. axb4 axb4 17. Nxf6+ Bxf6 18. Re3 bxc3 19. bxc3 g6 20. Bh6 Re8 21. f4 Ne7 22. g4 Bg7 23. Bxg7 Kxg7 24.
Rh3 f6 25. Nf3 Qc7 26. g5 Qxf4 27. gxf6+ Qxf6 28. Ne5 Rc7 29. Qd2 Nf5 30. Rf1 Rb8 31. Ng4 Qf7 32. Nh6 Qe7 33. Nxf5+ exf5 34. Qh6+ Kg8 35.
Re3 Qg7 36. Qf4 Rbc8 37. Rfe1 Qf7 38. Re6 Rxc3 39. Qe5 Rc1 40. Re8+ Rxe8 0-1

[Event "Late-Titled-Tuesday-Blitz-April-16-2024"]
[Site "Chess.com"]
[Date "2024.04.16"]
[Round "2"]
[White "jaskol95"]
[Black "kalxandria"]
[Result "0-1"]
[WhiteElo "2531"]
[BlackElo "2225"]
[TimeControl "180+1"]
[EndTime "14:18:06 PDT"]
[Termination "kalxandria won by checkmate"]

1. e4 c5 2. Nf3 d6 3. b3 Nf6 4.
Nc3 a6 5. Bb2 Nc6 6. a4 Nd4 7. h3 g6 8. Bc4 Bg7 9. a5 Nc6 10. O-O Nxa5 11. Be2 Nc6 12. Nd5 O-O 13. Nxf6+ Bxf6 14. Bxf6 exf6 15. d4 Re8 16. Bd3 cxd4 17. Ra4 Qb6 18. Re1 Bd7 19. Bf1 Ne5 20. Rxd4 Nxf3+ 21. gxf3 Rad8 22. Rxd6 Bc6 23. Bc4 f5 24. e5 Rxd6 25.
Qxd6 Qd8 26. Qxd8 Rxd8 27. Kg2 Rd2 28. Bd3 Kg7 29. Kg3 g5 30. h4 h6 31. hxg5 hxg5 32.
f4 gxf4+ 33. Kxf4 Rxf2+ 34. Kg3 Rf3+ 35. Kh4 f4 36. Kg4 Rf2 37. Re2 Bf3+ 38. Kxf4 Bxe2+ 39. Ke3 Bxd3 40. Kxf2 Bxc2 41. b4 Kg6 42. Ke3 Kf5 43.
Kd4 Bb1 44. Kd5 Be4+ 45. Kd6 b6 46. Kc7 a5 47. Kxb6 axb4 48. Kc5 b3 49. Kc4 b2 50.
Kd4 b1=Q 51. Kc3 Qd3+ 52. Kb2 Qc2+ 53. Ka3 Qb1 54. e6 Kxe6 55. Ka4 f5 56. Ka5 f4 57. Ka6 Bc2 58. Ka7 Qb5 59. Ka8 f3 60. Ka7 f2 61. Ka8 f1=R 62. Ka7 Ra1# 0-1

[Event "Late-Titled-Tuesday-Blitz-April-16-2024"]
[Site "Chess.com"]
[Date "2024.04.16"]
[Round "2"]
[White "kripri"]
[Black "Franmu14"]
[Result "1/2-1/2"]
[WhiteElo "2405"]
[BlackElo "2719"]
[TimeControl "180+1"]
[EndTime "14:18:06 PDT"]
[Termination "Game drawn by repetition"]

1. e4 e5 2. Nf3 Nc6 3. Bc4 Bc5 4. O-O d6 5. d3 Nf6 6. c3 a5 7. Re1 Ba7 8. h3 h6 9. d4 O-O 10. Na3 Re8 11. d5 Ne7 12. Nc2 Ng6 13. Bd3 Nh5 14. Be3 Bxe3 15. fxe3 Nf6 16. Rf1 Nd7 17. b4 axb4 18.
cxb4 Nb6 19. Qe1 Bd7 20. Qg3 Rf8 21. h4 Ne7 22. h5 f5 23. Nh4 fxe4 24. Bxe4 Bb5 25.
Rxf8+ Qxf8 26. Ng6 Qf6 27. Nxe7+ Qxe7 28. Qg6 Qg5 29.
Qh7+ Kf7 30. Bg6+ Kf6 31. Bd3 Bxd3 32. Qxd3 Ke7 33. e4 Qxh5 34. Ne3 g6 35. a3 Nd7 36. Rc1 Rc8 37. Rf1 Qg5 38. Nc4 h5 39. a4 h4 40.
a5 Rh8 41. Qh3 Qg3 42. Qe6+ Kd8 43. Rf7 Qe1+ 44. Kh2 Qg3+ 45. Kg1 Qe1+ 46. Rf1 Qg3 47. Rf7 1/2-1/2